 Dungeon Crawl Stone Soup version 0.22-a0-299-g43f9854 (webtiles) character file.

4 sankara the Charmwright (level 1, 14/14 HPs)
             Began as a Halfling Skald on Mar 25, 2018.
             Got out of the dungeon alive.
             The game lasted 00:00:28 (26 turns).

sankara the Charmwright (Halfling Skald)              Turns: 26, Time: 00:00:28

Health: 14/14      AC:  3    Str: 12    XL:     1   Next: 77%
Magic:  3/3        EV: 14    Int: 11    God:
Gold:   0          SH:  0    Dex: 13    Spells: 2/3 levels left

rFire    . . .     SeeInvis .   a - +0 falchion
rCold    . . .     Gourm    .   (shield restricted)
rNeg     . . .     Faith    .   b - +0 leather armour
rPois    .         Spirit   .   (no helmet)
rElec    .         Reflect  .   (no cloak)
rCorr    .         Harm     .   (no gloves)
MR       .....                  (no boots)
Stlth    +.........             (no amulet)
HPRegen  0.04/turn              (no ring)
MPRegen  0.08/turn              (no ring)

@: no status effects
A: small, mutation resistance 1
a: no special abilities


You escaped.
You were not hungry.

You visited 1 branch of the dungeon, and saw 1 of its levels.

Inventory:

Hand Weapons
 a - a +0 falchion (weapon)
Armour
 b - a +0 leather armour (worn)
Comestibles
 c - a chunk of flesh {@w0}
 d - a ration


   Skills:
 + Level 1.8 Fighting
 + Level 2.0 Long Blades
 + Level 1.2 Armour
 + Level 2.3 Dodging
 + Level 1.6 Spellcasting
 + Level 3.3 Charms


You had 2 spell levels left.
You knew the following spells:

 Your Spells              Type           Power        Failure   Level  Hunger
a - Infusion              Chrm           #...         10%         1    ##.....


Dungeon Overview and Level Annotations

Branches:
Dungeon (1/15)

Altars:


Innate Abilities, Weirdness & Mutations

You are small and have problems with some larger weapons.
You are somewhat resistant to further mutation.


Message History

Welcome, sankara the Halfling Skald.
The bosom of this dungeon contains the fabled artefact, the Orb of Zot.
Press ? for a list of commands and other information.
Found a staircase leading out of the dungeon.
You open the door.
A rat comes into view.
A rat is nearby!
You barely miss the rat. The rat misses you.
You hit the rat.
You kill the rat!
No target in view!
No target in view!
A bat comes into view.
There is an open door here.
You see here a rat corpse.
You butcher the rat corpse.
There is an open door here.
You see here a chunk of flesh {@w0}.
A bat is nearby!
A frilled lizard and a rat come into view.
The bat closely misses you.
You closely miss the bat. The bat misses you.
You riposte.
You miss the bat. You hit the rat.
You kill the rat!
The bat hits you but does no damage. The bat closely misses you.
You hit the bat.
You kill the bat!
The frilled lizard hisses angrily.
A goblin comes into view. It is wielding a club.
You hit the frilled lizard.
You kill the frilled lizard!
You hit the goblin.
You kill the goblin!
No target in view!
No target in view!
No target in view!
c - a chunk of flesh {@w0}
There is an open door here.
There is a staircase leading out of the dungeon here.
Are you sure you want to leave the Dungeon?
This will make you lose the game!
You have escaped! ....... ......# ##### .....# #PPP#

#...###≈≈≈## .#(
##..##..@..# .
#?.!#....##♣.♣## ...
#......##'##.....
#.).............
#................
....................
#...................
######.......!......
##.............


There were no monsters in sight!

Vanquished Creatures
  A bat (D:1)
  A goblin (D:1)
  A frilled lizard (D:1)
  2 rats (D:1)
5 creatures vanquished.

Notes
Turn   | Place    | Note
-------+----------+-------------------------------------------
     0 | D:1      | sankara the Halfling Skald began the quest for the Orb.
     0 | D:1      | Reached XP level 1. HP: 14/14 MP: 3/3
    26 | D:$      | Got out of the dungeon alive.

Vault maps used:
D:1:      tarquinn_simple_flora_water_e, minmay_pentomino_x4

Action                   || total
-------------------------++-------
Melee: Falchion          ||     7
Armor: Leather armour    ||     1
Dodge: Dodged            ||     4
       Rpst.: Falchion   ||     1

Table legend:
 A = Spawn XP
 B = Non-spawn XP
 C = Spawn XP percentage of total XP
 D = Spawn monster count
 E = Non-spawn monster count
 F = Spawn count percentage of total count
 G = Total turns spent on level
                    A         B        C        D         E        F      G
               +---------+---------+-------+---------+---------+-------+---------
         Total |       0 |       7 |   0.0 |       0 |       5 |   0.0 |    26
               +---------+---------+-------+---------+---------+-------+---------
           D:1 |       0 |       7 |   0.0 |       0 |       5 |   0.0 |    26
               +---------+---------+-------+---------+---------+-------+---------

Vault maps used:
D:1:      tarquinn_simple_flora_water_e, minmay_pentomino_x4

Table legend:
 A = Turns spent in this place as a percentage of turns spent in the entire game.
 B = Non-inter-level travel turns spent in this place as a percentage of non-inter-level travel turns spent in the entire game.
 C = Inter-level travel turns spent in this place as a percentage of turns spent in this place.
 D = Turns resting spent in this place as a percentage of non-inter-level travel turns spent in this place.
 E = Turns spent auto-exploring this place as a percentage of non-inter-level travel turns spent in this place.
 F = Non-inter-level travel turns spent in this place divided by the number of levels of this place that you've seen.
                   A       B       C       D       E      F
               +-------+-------+-------+-------+-------+----------------------
         Total | 100.0 | 100.0 |   0.0 |   0.0 |   3.8 |  26.0
       Dungeon | 100.0 | 100.0 |   0.0 |   0.0 |   3.8 |  26.0
               +-------+-------+-------+-------+-------+----------------------

Table legend:
 A = Kills in this place as a percentage of kills in entire the game.
 B = Kills by you in this place as a percentage of kills by you in the entire game.
 C = Kills by friends in this place as a percentage of kills by friends in the entire game.
 D = Other kills in this place as a percentage of other kills in the entire game.
 E = Experience gained in this place as a percentage of experience gained in the entire game.
 F = Experience gained in this place divided by the number of levels of this place that you have seen.
                   A       B       C       D       E      F
               +-------+-------+-------+-------+-------+----------------------
         Total | 100.0 | 100.0 |   N/A |   N/A | 100.0 |   7.0
       Dungeon | 100.0 | 100.0 |   N/A |   N/A | 100.0 |   7.0
               +-------+-------+-------+-------+-------+----------------------
